 Dungeon Crawl Stone Soup version 0.24.0-29-g8ce449bc06 (webtiles) character file.

Game seed: 3640875331128712797, levelgen mode: deterministic

81339 Flugslaktarn the Severer (level 15, -10/136 HPs)
             Began as a Minotaur Fighter on Nov 16, 2019.
             Was the Champion of Makhleb.
             Mangled by a shambling mangrove (16 damage)
             ... on level 4 of the Swamp.
             The game lasted 00:17:05 (23729 turns).

Flugslaktarn the Severer (Minotaur Fighter)        Turns: 23729, Time: 00:17:06

Health: -10/136    AC: 18    Str: 27    XL:     15   Next: 26%
Magic:  0/31       EV:  7    Int:  5    God:    Makhleb [******]
Gold:   430        SH: 13    Dex: 10    Spells: 14/14 levels left

rFire    + + .     SeeInvis .   b - +1 hand axe (flame)
rCold    . . .     Gourm    .   c - +0 shield
rNeg     . . .     Faith    .   M - +0 swamp dragon scales
rPois    +         Spirit   +   (helmet restricted)
rElec    .         Reflect  .   (no cloak)
rCorr    .         Harm     .   F - +2 pair of gloves
MR       ++...                  o - +0 pair of boots (curse)
Stlth    ..........             E - amulet of guardian spirit
HPRegen  0.32/turn              A - ring of magical power
MPRegen  0.22/turn              (no ring)

@: grasped by roots, slowed, constricted, very slow
A: retaliatory headbutt, horns 2, molten scales 1, fire resistance 2, magic
resistance 1
a: Minor Destruction, Lesser Servant of Makhleb, Major Destruction, Greater
Servant of Makhleb, Renounce Religion


You were on level 4 of the Swamp.
You worshipped Makhleb.
Makhleb was exalted by your worship.
You were near starving.

You visited 4 branches of the dungeon, and saw 22 of its levels.
You also visited: Volcano.

You collected 1984 gold pieces.
You spent 1554 gold pieces at shops.

Inventory:

Hand Weapons
 a - the +1 broad axe "Ydi Qym" {chop, rF+ Str-5 Int+4}
   (You acquired it on level 2 of the Swamp)

   It inflicts extra damage upon your enemies.
   It affects your strength (-5).
   It affects your intelligence (+4).
   It protects you from fire.
 b - a +1 hand axe of flaming (weapon)
   (You found it on level 2 of the Dungeon)
 H - a +0 war axe
Missiles
 n - a throwing net (quivered)
Armour
 c - a +0 shield (worn)
 o - a cursed +0 pair of boots (worn)
   (You found it on level 5 of the Dungeon)
 x - a +4 chain mail
   (You took it off an orc on level 4 of the Dungeon)
 F - a +2 pair of gloves (worn)
   (You found it on level 6 of the Dungeon)
 J - a +2 plate armour of magic resistance
   (You bought it in a shop on level 2 of the Orcish Mines)
 M - +0 swamp dragon scales (worn)
   (You found it on level 4 of the Swamp)
Jewellery
 g - an uncursed amulet of regeneration
   (You found it on level 1 of the Lair of Beasts)
 A - a ring of magical power (left hand)
   (You found it on level 2 of the Swamp)
 E - an amulet of guardian spirit (around neck)
   (You found it on level 7 of the Dungeon)
Wands
 j - a wand of paralysis (6)
   (You found it on level 4 of the Lair of Beasts)
 m - a wand of acid (15)
   (You found it on level 3 of the Dungeon)
 y - a wand of enslavement (14)
   (You found it on level 3 of the Lair of Beasts)
 I - a wand of iceblast (12)
   (You found it on level 6 of the Lair of Beasts)
Scrolls
 f - a scroll of enchant weapon
 i - 2 scrolls of holy word
 p - 3 scrolls of enchant armour
 r - 6 scrolls of identify
 t - 5 scrolls of teleportation
 u - 2 scrolls of fog
 v - 4 scrolls of fear
 B - a scroll of magic mapping
 C - 2 scrolls of immolation
 G - a scroll of silence
 O - 4 scrolls of remove curse
Potions
 d - 2 potions of might
 h - 4 potions of haste
 k - 6 potions of cancellation
 l - 3 potions of brilliance
 q - 4 potions of curing
 s - 3 potions of lignification
 D - 2 potions of ambrosia
 K - 4 potions of berserk rage
 L - 4 potions of agility
 P - a potion of invisibility
 R - a potion of magic
Comestibles
 e - 21 rations


   Skills:
 + Level 13.4 Fighting
 * Level 17.7 Axes
 + Level 13.4 Armour
 + Level 13.4 Shields
 + Level 10.9 Invocations
 - Level 5.0 Evocations


You had 14 spell levels left.
You didn't know any spells.
Your spell library was empty.

Dungeon Overview and Level Annotations

Branches:
Dungeon (10/15)            Temple (0/1) D:6            Lair (6/6) D:9
  Swamp (4/4) Lair:3       Spider (0/4) Lair:4        Slime (0/5) Lair:5
    Orc (2/2) D:10            Elf (0/3) Orc:2       Volcano (visited)

Altars:
Ashenzari
Cheibriados
Dithmenos
Elyvilon
Hepliaklqana
Makhleb
Okawaru
Sif Muna
Uskayaw
Vehumet
Xom
Yredelemnul
Zin
The Shining One
Beogh

Shops:
Orc:2 [%%

Annotations:
Lair:3 exclusion: 2 oklob plants


Innate Abilities, Weirdness & Mutations

You reflexively headbutt those who attack you in melee.
You have a pair of horns on your head.
You are partially covered in molten scales. (AC +2)
Your flesh is very heat resistant. (rF++)
You are resistant to hostile enchantments. (MR+)


Message History

The grasping roots constrict you!
The hornet stings you but does no damage.
A demon appears!
The hornet stings you but does no damage. x2
The swamp drake bites you!
* * * LOW HITPOINT WARNING * * *
The shambling mangrove hits you but does no damage.
* * * LOW HITPOINT WARNING * * *
The grasping roots constrict you.
Unknown command.
Okay, then.
You feel better. The hornet completely misses you.
The hornet closely misses you.
The swamp drake bites you but does no damage.
The hornet stings you.
* * * LOW HITPOINT WARNING * * *
You feel yourself slow down. The hornet completely misses you.
The shambling mangrove hits you.
* * * LOW HITPOINT WARNING * * *
You die...

♣♣♣≈≈≈.♣♣ ♣≈≈♣♣
♣≈.≈≈..≈♣ ♣♣♣♣♣♣.≈♣
...≈≈≈≈♣♣♣♣≈≈≈♣♣†♣♣
.....≈..≈.....§≈♣♣
≈≈≈.≈♣.≈<.≈≈≈≈†.≈♣♣
≈≈≈....≈≈≈≈≈≈§≈≈≈≈♣
≈≈≈....≈.≈≈≈≈≈≈≈≈3♣
≈......♣.§≈≈≈.≈yy≈♣♣
≈≈♣..≈≈..≈≈≈≈≈.f@..♣♣
≈§♣≈≈≈≈≈≈≈≈≈≈≈.k(≈≈≈♣
≈.≈≈≈≈≈≈≈.≈≈≈.♣♣≈≈≈.♣
≈.≈[..≈≈≈...♣♣♣♣♣♣♣♣♣
≈≈..♣♣♣♣....♣
...♣♣♣♣.≈≈≈)♣♣ ≈♣♣♣
♣≈≈≈≈≈≈.♣♣ ♣♣
♣≈≈≈≈≈≈.≈♣♣ ♣
♣♣≈≈≈≈≈..♣≈♣


You could see a shambling mangrove, 2 hornets, a swamp drake and a friendly
ynoxinul.

Vanquished Creatures
  Rupert (Lair:3)
  A thorn hunter (Swamp:3)
  A stone giant (Orc:1)
  13 hydras
  3 shambling mangroves (Swamp:2)
  A ghost crab (Swamp:2)
  11 alligators
  4 two-headed ogres
  An orc high priest (Orc:2)
  Nergalle (Lair:3)
  A salamander mystic (Volcano)
  A hell knight (Volcano)
  A spriggan druid (Swamp:3)
  4 swamp dragons
  5 ugly things (Swamp:1)
  3 orc sorcerers (Orc:2)
  4 elephants (Lair:2)
  4 salamanders (Volcano)
  5 black mambas
  6 spiny frogs
  3 centaur skeletons
  5 komodo dragons
  2 rime drakes
  4 polar bears (Lair:6)
  A troll (Orc:2)
  23 blink frogs
  5 bog bodies
  14 hornets
  7 tyrant leeches
  5 slime creatures (Swamp:4)
  6 hippogriffs
  7 dream sheep (Lair:6)
  15 spriggans
  A shadow (Swamp:1)
  3 wyverns
  33 yaks
  5 basilisks
  3 fire bats (Orc:1)
  A hungry ghost (D:8)
  9 vampire mosquitoes (Swamp:1)
  10 swamp worms
  3 insubstantial wisps (Swamp:1)
  6 water moccasins
  14 porcupines
  3 swamp drakes
  3 ice beasts
  8 black bears
  3 phantoms
  14 orc warriors
  2 sky beasts (D:7)
  6 ogres
  5 boggarts (Lair:6)
  22 wolves (Lair:6)
  3 centaurs
  10 crocodiles
  13 bullfrogs
  A scorpion (D:9)
  A wyvern skeleton (D:7)
  A killer bee (D:6)
  13 wights
  An electric eel (Lair:3)
  2 howler monkeys
  2 crimson imps (D:6)
  2 centaur zombies
  2 bullfrog zombies
  2 jellies
  16 orc priests
  6 hounds
  33 orc wizards
  2 bullfrog skeletons
  7 iguanas
  5 worker ants
  Terence (D:3)
  2 hound skeletons
  A howler monkey zombie (D:7)
  Robin (D:4)
  11 gnolls
  10 adders
  A shadow imp (D:6)
  2 oozes
  An adder skeleton (D:5)
  2 worms
  2 dart slugs
  4 leopard geckos
  49 orcs
  A ball python (D:8)
  11 bats
  4 giant cockroaches
  20 goblins
  11 hobgoblins
  19 jackals
  7 quokkas
  7 frilled lizards
  A jackal skeleton (D:6)
  3 kobolds
  A leopard gecko skeleton (D:6)
  A leopard gecko zombie (D:6)
  8 rats
  A fungus (Lair:5)
626 creatures vanquished.

Vanquished Creatures (collateral kills)
  A hydra (Swamp:4)
  Urug (Lair:3)
  A swamp dragon (Swamp:4)
  An orc sorcerer (Orc:2)
  An orc priest (Orc:2)
  An orc wizard (Orc:2)
6 creatures vanquished.

Vanquished Creatures (others)
  An alligator (Swamp:2)
  A briar patch (Swamp:3)
  2 fungi
  2 plants (Lair:3)
6 creatures vanquished.

Grand Total: 638 creatures vanquished

Notes
Turn   | Place    | Note
-------+----------+-------------------------------------------
     0 | D:1      | Flugslaktarn the Minotaur Fighter began the quest for the
                  | Orb.
     0 | D:1      | Reached XP level 1. HP: 19/19 MP: 0/0
    58 | D:1      | Reached XP level 2. HP: 26/27 MP: 1/1
   174 | D:1      | Reached skill level 3 in Axes
   450 | D:1      | Reached XP level 3. HP: 33/33 MP: 2/2
  1609 | D:2      | Reached XP level 4. HP: 40/40 MP: 3/3
  1930 | D:2      | Found a glowing golden altar of the Shining One.
  2017 | D:3      | Reached skill level 4 in Axes
  2270 | D:3      | Noticed Terence
  2279 | D:3      | Killed Terence
  2279 | D:3      | Reached XP level 5. HP: 46/47 MP: 4/4
  2333 | D:3      | Found a snail-covered altar of Cheibriados.
  2349 | D:3      | Found a radiant altar of Vehumet.
  2351 | D:3      | Found a shattered altar of Ashenzari.
  2351 | D:3      | Found a shimmering blue altar of Sif Muna.
  2353 | D:3      | Found a basalt altar of Yredelemnul.
  2354 | D:3      | Found a burning altar of Makhleb.
  2407 | D:3      | Became a worshipper of Makhleb the Destroyer
  2809 | D:3      | Reached skill level 5 in Axes
  2874 | D:4      | Noticed Robin
  2874 | D:4      | Noticed a phantom
  2889 | D:4      | Killed Robin
  2899 | D:4      | Killed a phantom
  2899 | D:4      | Reached skill level 5 in Armour
  2899 | D:4      | Reached skill level 1 in Invocations
  2899 | D:4      | Reached XP level 6. HP: 24/55 MP: 5/5
  3137 | D:4      | Reached skill level 5 in Fighting
  3137 | D:4      | Reached skill level 5 in Shields
  3161 | D:4      | Reached * piety under Makhleb
  3526 | D:4      | Noticed a +0 dagger
  3527 | D:4      | Noticed a +0 hand axe
  3583 | D:4      | Reached XP level 7. HP: 34/61 MP: 7/7
  3728 | D:4      | Reached skill level 6 in Axes
  4120 | D:4      | Found a hide-covered altar of Uskayaw.
  4141 | D:5      | Entered Level 5 of the Dungeon
  4441 | D:5      | Reached skill level 7 in Axes
  4441 | D:5      | Reached XP level 8. HP: 69/70 MP: 8/8
  4657 | D:5      | Found a white marble altar of Elyvilon.
  4658 | D:5      | Found a shadowy altar of Dithmenos.
  4663 | D:5      | Found a shimmering altar of Xom.
  5292 | D:6      | Found a hazy altar of Hepliaklqana.
  5300 | D:6      | Reached skill level 8 in Axes
  5374 | D:6      | Found a staircase to the Ecumenical Temple.
  5402 | D:6      | Reached ** piety under Makhleb
  5500 | D:6      | You fall into a shaft and drop 2 floors!
  5551 | D:8      | Noticed a hippogriff
  5563 | D:8      | Killed a hippogriff
  5563 | D:8      | Reached XP level 9. HP: 65/78 MP: 10/10
  5865 | D:7      | Reached skill level 9 in Axes
  6424 | D:7      | Found an iron altar of Okawaru.
  6480 | D:7      | Reached skill level 10 in Axes
  6722 | D:7      | Reached skill level 5 in Invocations
  6803 | D:7      | Reached *** piety under Makhleb
  7225 | D:8      | Reached XP level 10. HP: 81/88 MP: 12/12
  7559 | D:9      | Noticed a two-headed ogre
  7574 | D:9      | Killed a two-headed ogre
  7634 | D:9      | Reached skill level 11 in Axes
  7797 | D:9      | Found a hide-covered altar of Uskayaw.
  7873 | D:9      | Noticed a two-headed ogre
  7892 | D:9      | Killed a two-headed ogre
  8022 | D:9      | Found a staircase to the Lair.
  8493 | D:9      | Reached skill level 1 in Evocations
  8598 | Lair:1   | Entered Level 1 of the Lair of Beasts
  8607 | Lair:1   | Gained mutation: You occasionally shout uncontrollably at
                  | your foes. [potion of mutation]
  8607 | Lair:1   | Gained mutation: Your skin changes colour to match your
                  | surroundings (Stealth+). [potion of mutation]
  8607 | Lair:1   | Gained mutation: You are partially covered in large bone
                  | plates. (SH +4) [potion of mutation]
  8644 | Lair:1   | Reached **** piety under Makhleb
  8732 | Lair:1   | Noticed a spiny frog
  8743 | Lair:1   | Killed a spiny frog
  8882 | Lair:1   | Noticed a black mamba
  8914 | Lair:1   | Killed a black mamba
  8914 | Lair:1   | Reached XP level 11. HP: 28/97 MP: 2/14
  9334 | Lair:1   | Reached skill level 12 in Axes
 10789 | Lair:3   | Noticed Rupert
 10795 | Lair:3   | Paralysed by Rupert for 2 turns
 10819 | Lair:3   | Killed Rupert
 11182 | Lair:3   | Reached skill level 13 in Axes
 11182 | Lair:3   | Reached skill level 10 in Shields
 11344 | Lair:3   | Reached skill level 10 in Armour
 11484 | Lair:3   | Reached skill level 10 in Fighting
 11585 | Lair:3   | Noticed an oklob plant
 11585 | Lair:3   | Noticed an oklob plant
 11617 | Lair:3   | Noticed Urug
 11617 | Lair:3   | Noticed Nergalle
 11651 | Lair:3   | Killed Nergalle
 11651 | Lair:3   | Reached XP level 12. HP: 74/106 MP: 10/16
 11669 | Lair:3   | Killed Urug
 11944 | Lair:3   | Noticed a four-headed hydra
 11953 | Lair:3   | Killed a one-headed hydra
 11961 | Lair:3   | Noticed an eight-headed hydra
 11962 | Lair:3   | Found a staircase to the Swamp.
 11975 | Lair:3   | Killed a one-headed hydra
 12971 | Lair:4   | Reached skill level 14 in Axes
 13355 | Lair:4   | Noticed a six-headed hydra
 13365 | Lair:4   | Killed a one-headed hydra
 13365 | Lair:4   | Reached skill level 5 in Evocations
 13534 | Lair:4   | Found a hole to the Spider Nest.
 14027 | Lair:5   | Noticed a six-headed hydra
 14029 | Lair:5   | Found a staircase to the Slime Pits.
 14039 | Lair:5   | Killed a one-headed hydra
 14174 | Lair:5   | Noticed a six-headed hydra
 14189 | Lair:5   | Killed a one-headed hydra
 14189 | Lair:5   | Reached ***** piety under Makhleb
 14423 | Lair:5   | Reached XP level 13. HP: 112/116 MP: 15/18
 14658 | Lair:6   | Entered Level 6 of the Lair of Beasts
 15006 | Lair:6   | Reached skill level 15 in Axes
 16224 | D:10     | Entered Level 10 of the Dungeon
 16224 | D:10     | Found a glowing silver altar of Zin.
 16442 | D:10     | Found a staircase to the Orcish Mines.
 16451 | D:10     | Reached ****** piety under Makhleb
 16458 | Orc:1    | Entered Level 1 of the Orcish Mines
 16472 | Orc:1    | Noticed a stone giant
 16503 | Orc:1    | Killed a stone giant
 16642 | Orc:1    | Found a dark tunnel.
 16658 | Volcano  | Entered a volcano
 16877 | Volcano  | Reached skill level 16 in Axes
 16877 | Volcano  | Reached XP level 14. HP: 121/126 MP: 16/20
 17229 | Orc:1    | You fall into a shaft and drop 1 floor!
 17229 | Orc:2    | Entered Level 2 of the Orcish Mines
 17229 | Orc:2    | Found Miusom's Armour Shop.
 17229 | Orc:2    | Found Merin's Distillery.
 17265 | Orc:2    | Found a roughly hewn altar of Beogh.
 17622 | Orc:2    | Paralysed by an orc sorcerer for 4 turns
 18012 | Orc:2    | Paralysed by an orc sorcerer for 4 turns
 18019 | Orc:2    | Paralysed by an orc sorcerer for 6 turns
 18078 | Orc:2    | Found a staircase to the Elven Halls.
 18159 | Orc:2    | Found Buinkoss's Food Boutique.
 18159 | Orc:2    | Found Zaudoug's Food Shop.
 18390 | Orc:2    | Bought a +2 plate armour of magic resistance for 560 gold
                  | pieces
 18401 | Orc:2    | Bought 2 potions of mutation for 224 gold pieces
 18401 | Orc:2    | Bought a potion of mutation for 112 gold pieces
 18401 | Orc:2    | Bought a potion of haste for 140 gold pieces
 18401 | Orc:2    | Bought a potion of heal wounds for 70 gold pieces
 18401 | Orc:2    | Bought a potion of agility for 56 gold pieces
 18401 | Orc:2    | Bought a potion of agility for 56 gold pieces
 18401 | Orc:2    | Bought a potion of curing for 42 gold pieces
 18401 | Orc:2    | Bought a potion of curing for 42 gold pieces
 18401 | Orc:2    | Bought a potion of curing for 42 gold pieces
 18401 | Orc:2    | Bought a potion of curing for 42 gold pieces
 18401 | Orc:2    | Bought a potion of might for 56 gold pieces
 18401 | Orc:2    | Bought a potion of invisibility for 112 gold pieces
 18402 | Orc:2    | Lost mutation: You are partially covered in large bone
                  | plates. (SH +4) [potion of mutation]
 18402 | Orc:2    | Lost mutation: You occasionally shout uncontrollably at
                  | your foes. [potion of mutation]
 18402 | Orc:2    | Lost mutation: Your skin changes colour to match your
                  | surroundings (Stealth+). [potion of mutation]
 18402 | Orc:2    | Gained mutation: You expend magic power (3 MP) to
                  | strengthen your wands. [potion of mutation]
 18402 | Orc:2    | Gained mutation: Armour fits poorly on your strangely
                  | shaped body. [potion of mutation]
 18402 | Orc:2    | Gained mutation: Your magical capacity is low. (-10% MP)
                  | [potion of mutation]
 18402 | Orc:2    | Gained mutation: Your mind is acute. (Int +2) [potion of
                  | mutation]
 18404 | Orc:2    | Lost mutation: Armour fits poorly on your strangely shaped
                  | body. [potion of mutation]
 18404 | Orc:2    | Lost mutation: Your mind is acute. (Int +2) [potion of
                  | mutation]
 18404 | Orc:2    | Gained mutation: You tend to lose your temper in combat.
                  | [potion of mutation]
 18404 | Orc:2    | Gained mutation: You are agile. (Dex +2) [potion of
                  | mutation]
 18404 | Orc:2    | Gained mutation: Scrolls take you a little longer to read.
                  | [potion of mutation]
 18404 | Orc:2    | Lost mutation: Your magical capacity is low. (-10% MP)
                  | [potion of mutation]
 18405 | Orc:2    | Lost mutation: You tend to lose your temper in combat.
                  | [potion of mutation]
 18405 | Orc:2    | Lost mutation: Scrolls take you a little longer to read.
                  | [potion of mutation]
 18405 | Orc:2    | Lost mutation: You are agile. (Dex +2) [potion of mutation]
 18405 | Orc:2    | Gained mutation: You are partially covered in yellow
                  | scales. (AC +2) [potion of mutation]
 18405 | Orc:2    | Gained mutation: Scrolls take you a little longer to read.
                  | [potion of mutation]
 18405 | Orc:2    | Gained mutation: Your mind is acute. (Int +2) [potion of
                  | mutation]
 18405 | Orc:2    | Gained mutation: You are resistant to hostile enchantments.
                  | (MR+) [potion of mutation]
 18607 | Swamp:1  | Entered Level 1 of the Swamp
 19259 | Swamp:1  | Reached skill level 10 in Invocations
 19689 | Swamp:2  | Paralysed by a hornet for 1 turns
 20401 | Swamp:2  | Paralysed by a hornet for 3 turns
 20698 | Swamp:2  | Identified 2 scrolls of acquirement
 20700 | Swamp:2  | Got a polished longbow
 20703 | Swamp:2  | Got an encrusted broad axe
 20704 | Swamp:2  | Identified the +1 broad axe "Ydi Qym" {chop, rF+ Str-5
                  | Int+4} (You acquired it on level 2 of the Swamp)
 21192 | Swamp:2  | Reached skill level 17 in Axes
 22655 | Swamp:3  | Reached XP level 15. HP: 136/136 MP: 21/21
 22892 | Swamp:3  | Noticed a thorn hunter
 22906 | Swamp:3  | Killed a thorn hunter
 22950 | Swamp:4  | Entered Level 4 of the Swamp
 23270 | Swamp:4  | Lost mutation: You expend magic power (3 MP) to strengthen
                  | your wands. [potion of mutation]
 23270 | Swamp:4  | Lost mutation: You are partially covered in yellow scales.
                  | (AC +2) [potion of mutation]
 23270 | Swamp:4  | Lost mutation: Scrolls take you a little longer to read.
                  | [potion of mutation]
 23270 | Swamp:4  | Lost mutation: Your mind is acute. (Int +2) [potion of
                  | mutation]
 23270 | Swamp:4  | Gained mutation: Your flesh is heat resistant. (rF+)
                  | [potion of mutation]
 23270 | Swamp:4  | Gained mutation: You are partially covered in molten
                  | scales. (AC +2) [potion of mutation]
 23270 | Swamp:4  | Gained mutation: Your flesh is very heat resistant. (rF++)
                  | [potion of mutation]
 23729 | Swamp:4  | HP: 6/136 [shambling mangrove (2)]
 23729 | Swamp:4  | Mangled by a shambling mangrove

Levels and vault maps discovered:
D:1:      minmay_arrival_checkered_box, layout_basic
D:2:      layout_basic, nicolae_tso_swordbearing_angel, minmay_pentomino_z4
D:3:      layout_basic, grunt_temple_overflow_open, cheibriados_altar_1,
          uniq_terence
D:4:      layout_basic, dancing_weapons_uskayaw, corexii_checkpoint_a,
          uniq_robin
D:5:      layout_cave_pools, minitemple, first_ration, serial_column_ruins,
          column_ruins_grid_1, column_ruins_open_large, column_ruins_open_small,
          column_ruins_grid_4, column_ruins_columns_straight,
          hangedman_minor_gate_pass
D:6:      minmay_angry_zag, layout_loops_ring, lemuel_round_altar,
          minmay_temple_entry_gardened_gates, hangedman_decor_growths,
          minmay_a_box_with_orc_wizards_in_it
D:7:      layout_basic, old_standard_altar
D:8:      layout_basic
D:9:      layout_basic, lair_entry_dummy, basic_altar
D:10:     layout_roguey, david_orc_2, basic_altar, uniq_harold
Lair:1:   layout_chaotic_city, infiniplex_staircase_pool, grunt_megastairs_3
Lair:2:   layout_cave_pods
Lair:3:   layout_chaotic_city, minmay_swamp_entry_reptiles,
          minmay_lair_oklob_chamber, serial_bayou_shore_a, grunt_megastairs_4,
          lemuel_fruit_fields, uniq_nergalle, uniq_rupert, uniq_urug
Lair:4:   layout_cave_pods, dummy_spider_entry, infiniplex_staircase_pool_2
Lair:5:   layout_gridlike, slime_dummy, lemuel_fruit_tree
Lair:6:   minmay_lair_end_enchanted_forest, layout_small_grid,
          lemuel_fruit_fields
Swamp:1:  layout_falls_marsh, evilmike_swamp_ruin_rubble_1
Swamp:2:  layout_basic_swamp, portal_ice_cave_entry_ice_statue_one,
          evilmike_swamp_ruin_house_5
Swamp:3:  layout_falls_marsh, hangedman_swamp_diagram
Swamp:4:  swamp, layout_basic_swamp
Orc:1:    layout_diamond_mine, nicolae_volcano_entry_batcave
Orc:2:    st_orc_mages, layout_caves, basic_altar, special_room

Skill      XL: |  1  2  3  4  5  6  7  8  9 10 11 12 13 14 |
---------------+-------------------------------------------+-----
Axes           | 3 4 5 7 8 10 11 13 14 16 17 | 17.7
Armour         | 4 5 6 7 9 10 11 12 13 | 13.4
Fighting       | 4 5 6 8 9 10 11 12 13 | 13.4
Shields        | 4 5 6 8 9 10 11 12 13 | 13.4
Invocations    | 1 2 3 5 6 7 8 9 10 | 10.9
Evocations     | 2 3 5 |  5.0

Action                   |  1- 3 |  4- 6 |  7- 9 | 10-12 | 13-15 || total
-------------------------+-------+-------+-------+-------+-------++-------
Melee: War axe           |    85 |       |       |       |       ||    85
       Headbutt          |    11 |    24 |    55 |   152 |   307 ||   549
       Hand axe          |    22 |   138 |   316 |   726 |  1223 ||  2425
       Broad axe         |       |       |       |       |   259 ||   259
Invok: Lesser Servant of |       |       |       |     4 |     6 ||    10
Evoke: Wand              |       |       |       |     8 |     6 ||    14
  Use: Potion            |       |     2 |       |     2 |    16 ||    20
       Scroll            |       |       |       |    20 |    12 ||    32
 Stab: Confused          |       |       |       |       |     1 ||     1
       Distracted        |       |       |       |       |     1 ||     1
  Eat: Chunk             |     2 |     6 |     9 |    25 |    13 ||    55
       Ration            |       |       |     1 |       |     5 ||     6
Armor: Scale mail        |     1 |       |       |       |       ||     1
       Chain mail        |    75 |    60 |   148 |   206 |   235 ||   724
       Plate armour      |       |       |       |       |   336 ||   336
       Skin              |       |       |       |       |    21 ||    21
       Swamp dragon scal |       |       |       |       |    31 ||    31
Dodge: Dodged            |    29 |    27 |    70 |   114 |   263 ||   503
Block: Shield            |    67 |    82 |   142 |   410 |   857 ||  1558
